 Dungeon Crawl Stone Soup version 0.31.0-12-g77e489cdc1 (webtiles) character file.

Game seed: 2796807475408343580

197 Ruich the Ruffian (level 5, 0/34 HPs)
             Began as an Octopode Shapeshifter on Feb 13, 2024.
             Slain by Grinder (4 damage)
             ... while paralysed by Grinder
             ... on level 4 of the Dungeon.
             The game lasted 00:07:01 (2880 turns).

Ruich the Ruffian (Octopode Shapeshifter)           Turns: 2880, Time: 00:07:01

Health: 0/34       AC:  1    Str: 15    XL:     5   Next: 75%
Magic:  5/5        EV:  2    Int: 13    God:
Gold:   225        SH:  0    Dex: 11    Spells: 4/4 levels left

rFire   . .          .
                       - Unarmed
rCold   . . .        (no shield)
rNeg    . . .        (helmet currently unavailable)
rPois   .            l - amulet of regeneration
rElec   .            L - ring of flight
rCorr   .            (no ring)
SInv    .            (no ring)
Will    .....        (no ring)
Stlth   +++          (no ring)
HPRegen 1.05/turn    (no ring)
MPRegen 0.09/turn    (no ring)
                     (no ring)

%: no passive effects
@: paralysed, beast-form, flying
A: beast (slay +2), almost no armour, amphibious, 8 rings, camouflage 1,
gelatinous body 1, (nimble swimmer 1), tentacles
a: Begin Untransformation


You were on level 4 of the Dungeon.
You were a hulking beast.
You visited 1 branch of the dungeon, and saw 4 of its levels.

You collected 225 gold pieces.


Innate Abilities, Weirdness & Mutations

You are a hulking beast.
Your limbs bulge with bestial killing power. (Slay +2)
You cannot wear most types of armour.
You are amphibious.
You can wear up to eight rings at the same time.
Your skin changes colour to match your surroundings (Stealth+).
Your rubbery body absorbs attacks. (AC +1, EV +1)
((You are camouflaged when in or above water. (Stealth+)))
You have tentacles for arms and can constrict up to eight enemies at once.


   Skills:
 + Level 2.2 Fighting
 + Level 2.9 Dodging
 + Level 2.6 Stealth
 * Level 4.4 Unarmed Combat
 + Level 3.5 Shapeshifting


You had 4 spell levels left.
You didn't know any spells.
Your spell library was empty.

Inventory:

Missiles
 o - 16 poisoned darts (quivered)
Armour
 f - a +2 hat
Magical Staves
 s - a staff of air {!a}
Jewellery
 l - an amulet of regeneration (around mantle)
 t - an amulet of reflection
 L - a ring of flight (left tentacle)
Talismans
 b - a beast talisman (active)
 c - a flux talisman
Scrolls
 d - 2 scrolls of enchant armour
 e - a scroll of blinking
 n - a scroll of immolation
 r - a scroll of teleportation {@r2}
Potions
 a - a potion of brilliance {unknown}
 g - 2 potions of curing {@q1}
 i - a potion of enlightenment
 k - a potion of haste {unknown}
 m - a potion of attraction
 u - a potion of berserk rage {!q}

Dungeon Overview and Level Annotations

Branches:
Dungeon (4/15)
 Temple: D:4-7

Altars:
Ashenzari
Cheibriados
Zin

Annotations:
D:4 Grinder, Sigmund

...ยง....>.?..........#.###
..........................
..........................
............# #.########.
#..........# #.# ##
##########.# #..## ####
#.### #..####...
###...#####........
#.h5...............
#.........=######..
#..........# #..
#..........# #..
#.....>....# #..
#.......)..# ###
#..........# ############


You could see Grinder.


Message History

Found a runed hat.
A kobold comes into view. It is wielding a +0 dagger.
Found a spear.
Grinder comes into view.
She is carrying a wand of polymorph.
Grinder shouts!
You see here a +2 hat.
f - a +2 hat Grinder gestures at you.
You resist with significant effort.
Grinder blinks!
You start waiting.
Grinder is nearby!
Grinder says, "There's only one good use for a tongue: cutting it out."
You tentacle-slap Grinder. You grab Grinder.
Grinder is lightly wounded.
You constrict Grinder. Grinder gestures at you.
You suddenly lose the ability to move!
You lose your grip on Grinder.
Grinder hits you!
You writhe in agony.
Grinder hits you!
* * * LOW HITPOINT WARNING * * *
You writhe in agony.
* * * LOW HITPOINT WARNING * * *
Grinder hits you.
* * * LOW HITPOINT WARNING * * *
You writhe in agony.
* * * LOW HITPOINT WARNING * * *
Grinder hits you.
You die...
Grinder sighs, "Dead already?
I want a refund."

Skill      XL: |  1  2  3  4 |
---------------+-------------+-----
Stealth        | 1 2 |  2.6
Unarmed Combat | 4 |  4.4
Fighting       | 2 |  2.2
Dodging        | |  2.9
Shapeshifting  | |  3.5

Action                     |  1- 3 |  4- 6 || total
---------------------------+-------+-------++-------
  Melee: Unarmed           |    65 |    49 ||   114
         Constrict         |    19 |    10 ||    29
         Tentacles         |    12 |     8 ||    20
         Punch             |     2 |       ||     2
  Throw: Stone             |     2 |       ||     2
         Dart              |       |     4 ||     4
    Use: Potion            |       |     1 ||     1
         Scroll            |       |    12 ||    12
   Stab: Sleeping          |     9 |     3 ||    12
 Armour: Skin              |    19 |    25 ||    44
  Dodge: Dodged            |    33 |    24 ||    57
   Form: Beast             |     1 |       ||     1

Levels and vault maps discovered:
D:1:      lightli_arrival_statue_moat, layout_loops_ring,
          nicolae_twisty_statue_hallways
D:2:      layout_basic, basic_altar
D:3:      layout_loops_corners, amcnicky_altar_gilded, ashenzari_altar_1
D:4:      layout_rooms, general_overflow_altar, uniq_sigmund, uniq_grinder

Notes
Turn   | Place    | Note
-------+----------+-------------------------------------------
     0 | D:1      | Ruich the Octopode Shapeshifter began the quest for the
                  | Orb.
     0 | D:1      | Reached XP level 1. HP: 13/13 MP: 1/1
   157 | D:1      | Reached XP level 2. HP: 18/18 MP: 2/2
   568 | D:1      | Reached skill level 1 in Stealth
   722 | D:2      | Reached XP level 3. HP: 23/23 MP: 3/3
   936 | D:2      | Found a snail-covered altar of Cheibriados.
  1421 | D:3      | Found a glowing silver altar of Zin.
  1476 | D:3      | Found a broken altar of Ashenzari.
  1597 | D:3      | Reached XP level 4. HP: 26/29 MP: 4/4
  2324 | D:3      | Reached skill level 2 in Stealth
  2324 | D:3      | Reached skill level 4 in Unarmed Combat
  2343 | D:4      | Noticed a scorpion
  2448 | D:4      | Killed a scorpion
  2449 | D:4      | Reached skill level 2 in Fighting
  2449 | D:4      | Reached XP level 5. HP: 34/34 MP: 5/5
  2811 | D:4      | Noticed Sigmund
  2855 | D:4      | Noticed Grinder
  2876 | D:4      | Paralysed by Grinder for 4 turns
  2879 | D:4      | HP: 3/34 [Grinder (5)]
  2880 | D:4      | Slain by Grinder

Vanquished Creatures
  A scorpion (D:4)
  A bombardier beetle (D:4)
  An iguana (D:3)
  2 adders
  4 dart slugs
  2 ribbon worms
  5 endoplasms
  2 giant cockroaches
  8 goblins
  6 hobgoblins
  2 quokkas (D:3)
  2 ball pythons
  7 bats
  2 frilled lizards
  5 kobolds
  3 rats (D:1)
53 creatures vanquished.

Table legend: (Time is in decaauts)
 A = Elapsed time spent in this place.
 B = Non-inter-level travel time spent in this place.
 C = Inter-level travel time spent in this place.
 D = Time resting spent in this place.
 E = Time spent auto-exploring this place.
 F = Levels seen in this place.
 G = Mean time per level.
                   A        B        C        D        E       F      G
               +--------+--------+--------+--------+--------+-----+--------+
         Total |   2872 |   2726 |    146 |    311 |   1713 |   4 |  718.0 |
       Dungeon |   2872 |   2726 |    146 |    311 |   1713 |   4 |  718.0 |
               +--------+--------+--------+--------+--------+-----+--------+

Top non-repeatable levels by time:
     D:3: 970 daAuts
     D:1: 702 daAuts
     D:2: 701 daAuts
     D:4: 499 daAuts

Table legend:
 A = Non-vault XP
 B = Vault XP
 C = Vault XP percentage of total XP
 D = Non-vault monster count
 E = Vault monster count
 F = Vault count percentage of total count
                 A         B        C        D         E       F
            +---------+---------+-------+---------+---------+-------
      Total |     282 |       0 |   0.0 |      53 |       0 |   0.0
            +---------+---------+-------+---------+---------+-------
        D:1 |      33 |       0 |   0.0 |      20 |       0 |   0.0
        D:2 |      44 |       0 |   0.0 |      14 |       0 |   0.0
        D:3 |      74 |       0 |   0.0 |      14 |       0 |   0.0
        D:4 |     131 |       0 |   0.0 |       5 |       0 |   0.0
            +---------+---------+-------+---------+---------+-------
